 Dungeon Crawl Stone Soup version 0.30-a0-1018-g25214051b3 (webtiles) character file.

Game seed: 10450374349106458402

963 jimonade the Shield-Bearer (level 8, -11/61 HPs)
             Began as a Formicid Fighter on Apr 7, 2023.
             Mangled by an ogre
             ... wielding a +0 giant spiked club
              (19 damage)
             ... on level 5 of the Dungeon.
             The game lasted 00:11:15 (4543 turns).

jimonade the Shield-Bearer (Formicid Fighter)       Turns: 4543, Time: 00:11:16

Health: -11/61     AC:  6    Str: 20    XL:     8   Next: 37%
Magic:  0/12       EV: 12    Int: 11    God:
Gold:   175        SH:  6    Dex: 19    Spells: 13/13 levels left

rFire   + . .      SeeInvis +    a - +1 short sword (venom)
rCold   . . .      Faith    .    c - +0 buckler
rNeg    . . .      Spirit   +    w - +1 leather armour {rPois}
rPois   +          Reflect  .    (helmet unavailable)
rElec   +          Rampage  .    D - scarf {rC+ rF+}
rCorr   .                        r - +0 pair of gloves
Will    ++...                    p - +0 pair of boots
Stlth   ++                       t - amulet of guardian spirit
HPRegen 0.30/turn                C - ring of willpower
MPRegen 0.13/turn                i - ring of the Vendetta {rElec rC- Will+ Dex+6}

@: no status effects
A: permanent stasis, dig shafts and tunnels, antennae 3, four strong arms
a: Dig, Shaft Self


You were on level 5 of the Dungeon.
You visited 1 branch of the dungeon, and saw 5 of its levels.

You collected 175 gold pieces.

Inventory:

Hand Weapons
 a - a +1 short sword of venom (weapon)
 b - a +3 short sword
 k - a +0 quarterstaff
 G - a +1 glaive
 K - a +2 hand axe of flaming
Missiles
 j - 10 poisoned darts (quivered)
 m - 54 stones
 J - 4 curare-tipped darts
Armour
 c - a +0 buckler (worn)
 f - a +0 ring mail
 g - a scarf of repulsion
 p - a +0 pair of boots (worn)
 r - a +0 pair of gloves (worn)
 w - a +1 leather armour of poison resistance (worn)
 D - a scarf of resistance (worn)
 E - a +0 chain mail
 H - a +1 robe of willpower
Jewellery
 i - the ring of the Vendetta (right hand) {rElec rC- Will+ Dex+6}
   (You found it on level 5 of the Dungeon)

   [ring of dexterity]

   Dex:       It affects your dexterity (+6).
   rC:        It makes you vulnerable to cold.
   rElec:     It insulates you from electricity.
   Will:      It increases your willpower.
 t - an amulet of guardian spirit (around neck)
 C - a ring of willpower (left hand)
 L - a ring of positive energy
Scrolls
 e - a scroll of amnesia
 x - a scroll of enchant armour {unknown}
 y - a scroll of fog
 z - a scroll of poison
Potions
 d - 2 potions of might
 h - 4 potions of curing {unknown}
 l - a potion of magic {unknown}
 n - a potion of heal wounds {unknown}
 o - a potion of experience {unknown}
 q - a potion of lignification {unknown}
 s - a potion of cancellation {unknown}
 u - a potion of attraction {unknown}
 v - 2 potions of mutation {unknown}
 B - 2 potions of resistance {unknown}
 F - a potion of flight {unknown}
 I - a potion of ambrosia {unknown}


   Skills:
 + Level 4.8 Fighting
 + Level 4.1 Short Blades
 + Level 3.1 Staves
 + Level 0.3 Throwing
 + Level 4.3 Armour
 + Level 1.7 Dodging
 + Level 1.7 Stealth
 + Level 5.1 Shields
 * Level 3.1 Spellcasting
 * Level 1.0 Conjurations
 * Level 3.7 Earth Magic


You had 13 spell levels left.
You didn't know any spells.
Your spell library contained the following spells:

 Spells                   Type           Power      Damage    Failure   Level
 Sandblast                Erth           18%        2d7       8%          1
 Magic Dart               Conj           16%        1d3       24%         1
 Passwall                 Tmut/Erth      4%         N/A       26%         2
 Stone Arrow              Conj/Erth      12%        3d7       38%         3
 Call Imp                 Summ           2%         N/A       50%         2
 Lesser Beckoning         Tloc           2%         N/A       50%         2
 Mephitic Cloud           Conj/Pois/Air  2%         N/A       67%         3
 Gell's Gravitas          Tloc           1%         N/A       73%         3
 Ozocubu's Armour         Ice            1%         N/A       73%         3
 Teleport Other           Tloc           1%         N/A       73%         3
 Ozocubu's Refrigeration  Ice            0%         4d7       100%        7
 Chain Lightning          Conj/Air       1%         3d1       100%        9
 Fire Storm               Conj/Fire      1%         7d1       100%        9
 Shatter                  Erth           4%         3d8*      100%        9


Dungeon Overview and Level Annotations

Branches:
Dungeon (5/15)
 Temple: D:4-7

Altars:
Ashenzari
Makhleb

Shops:
D:5 *

Annotations:
D:4 3 runed translucent doors, ThatPearl's ghost, amateur DrTm


Innate Abilities, Weirdness & Mutations

You cannot be hasted, slowed, berserked, paralysed or teleported.
You can dig through walls and to a lower floor.
You have a pair of large antennae on your head. (SInv)
Your four strong arms can wield two-handed weapons with a shield.


Message History

Aim: an ogre, wielding a +0 giant spiked club (77% to hit)
You throw a poisoned dart. The poisoned dart hits the ogre.
The ogre is poisoned.
Throw: 13 darts (poison)
Press: ? - help, Q - select action, (/) - cycle Shift-Dir - straight line, f/p - ogre
Aim: an ogre, wielding a +0 giant spiked club (poisoned, 77% to hit)
You throw a poisoned dart. The poisoned dart hits the ogre.
The ogre looks even sicker.
Throw: 12 darts (poison)
Press: ? - help, Q - select action, (/) - cycle Shift-Dir - straight line, f/p - ogre
Aim: an ogre, wielding a +0 giant spiked club (lightly wounded, very poisoned, 77% to hit)
You throw a poisoned dart. The poisoned dart hits the ogre.
The ogre looks even sicker.
The ogre is lightly wounded.
Throw: 11 darts (poison)
Press: ? - help, Q - select action, (/) - cycle Shift-Dir - straight line, f/p - ogre
Aim: an ogre, wielding a +0 giant spiked club (lightly wounded, very poisoned, 77% to hit)
You throw a poisoned dart. The poisoned dart hits the ogre.
The ogre looks as sick as possible!
The ogre is lightly wounded.
You hit the ogre.
The ogre is moderately wounded.
You block the ogre's attack.
You hit the ogre.
The ogre is heavily wounded.
You hit the ogre.
The ogre looks as sick as possible!
The ogre is heavily wounded.
The ogre hits you with a +0 giant spiked club!!
You closely miss the ogre.
The ogre is heavily wounded.
You hit the ogre.
The ogre looks as sick as possible!
The ogre is severely wounded.
The ogre hits you with a +0 giant spiked club!!
* * * LOW HITPOINT WARNING * * *
You hit the ogre.
The ogre looks as sick as possible!
The ogre is almost dead.
You hit the ogre.
The ogre looks as sick as possible!
The ogre is almost dead.
The ogre hits you with a +0 giant spiked club!!
You die...

######..### #.#
###.########## #
###..### #.# #..# #
####....# #.# ##.##
###...∩...#
#.###..#
.......##.#
#.....##
#####..##.# #..####
###.....# #.##
###...###
#.######## ##.##
#.@O.(((((
#..#######.........
##....#............
#....>....########
#......####
#......# #......#
#......# #......#


You could see an ogre (extremely poisoned).

Vanquished Creatures
  Grinder (D:4)
  2 ogres (D:5)
  2 phantoms
  Blork the orc (D:4)
  3 hounds (D:5)
  A jelly (D:4)
  A sleepcap (D:5)
  8 gnolls
  7 adders
  A shadow imp (D:5)
  A white imp (D:4)
  2 worms
  2 dart slugs
  5 orcs
  7 bats
  3 endoplasms
  5 giant cockroaches
  2 goblins
  4 hobgoblins
  7 quokkas
  4 ball pythons
  5 frilled lizards
  8 kobolds
  4 rats
86 creatures vanquished.

Notes
Turn   | Place    | Note
-------+----------+-------------------------------------------
     0 | D:1      | jimonade the Formicid Fighter began the quest for the Orb.
     0 | D:1      | Reached XP level 1. HP: 18/18 MP: 1/1
    94 | D:1      | Reached XP level 2. HP: 9/24 MP: 2/2
   707 | D:2      | Reached XP level 3. HP: 30/30 MP: 3/3
  1010 | D:2      | Reached XP level 4. HP: 35/37 MP: 4/4
  1494 | D:3      | Found a burning altar of Makhleb.
  2070 | D:4      | Reached skill level 1 in Short Blades
  2070 | D:4      | Reached XP level 5. HP: 16/42 MP: 5/5
  2313 | D:4      | Noticed Grinder
  2372 | D:4      | Killed Grinder
  2373 | D:4      | Reached skill level 1 in Dodging
  2373 | D:4      | Reached skill level 1 in Stealth
  2373 | D:4      | Reached skill level 1 in Spellcasting
  2373 | D:4      | Reached skill level 1 in Earth Magic
  2373 | D:4      | Reached XP level 6. HP: 27/48 MP: 5/7
  2948 | D:4      | Found a runed translucent gate.
  2973 | D:4      | Noticed Blork the orc
  2981 | D:4      | Killed Blork the orc
  2982 | D:4      | Reached XP level 7. HP: 47/55 MP: 9/9
  3017 | D:4      | Found a runed translucent gate.
  3017 | D:4      | Noticed ThatPearl's ghost (amateur DrTm)
  3019 | D:4      | Found a runed translucent gate.
  3873 | D:5      | Entered Level 5 of the Dungeon
  3902 | D:5      | Identified the ring of the Vendetta {rElec rC- Will+ Dex+6}
  3914 | D:5      | Reached skill level 5 in Shields
  4104 | D:5      | Reached XP level 8. HP: 59/61 MP: 8/11
  4162 | D:5      | Found a broken altar of Ashenzari.
  4318 | D:5      | Reached skill level 1 in Conjurations
  4443 | D:5      | Found Ijiow's Assorted Antiques.
  4543 | D:5      | Mangled by an ogre

Illustrated notes

Levels and vault maps discovered:
D:1:      psy_arrival_terrarium, layout_rooms
D:2:      layout_loops_cross, minmay_misc_feat_square, minivault_25,
          roderic_roman_lattice, minmay_cut_off
D:3:      layout_loops_cross, lemuel_tele_altar, minmay_misc_feat_plants,
          kennysheep_cross_bottleneck
D:4:      layout_loops_cross, gammafunk_ghost_nasty_kobolds, uniq_blork_the_orc,
          uniq_grinder
D:5:      layout_basic, lemuel_coloured_pillars_altar, serial_shops,
          nicolae_square_shop

Skill      XL: |  1  2  3  4  5  6  7  8 |
---------------+-------------------------+-----
Staves         | 3 |  3.1
Fighting       | 4 |  4.8
Short Blades   | 1 2 3 4 |  4.1
Armour         | 4 |  4.3
Dodging        | 1 |  1.7
Stealth        | 1 |  1.7
Spellcasting   | 1 2 3 |  3.1
Earth Magic    | 1 2 3 |  3.7
Shields        | 5 |  5.1
Conjurations   | 1 |  1.0
Throwing       | |  0.3

Action                     |  1- 3 |  4- 6 |  7- 9 || total
---------------------------+-------+-------+-------++-------
  Melee: Quarterstaff      |    46 |       |       ||    46
         Short sword       |    53 |   128 |   174 ||   355
  Throw: Dart              |       |       |    13 ||    13
    Use: Scroll            |       |     1 |     7 ||     8
   Stab: Sleeping          |       |     1 |       ||     1
 Armour: Scale mail        |    31 |       |       ||    31
         Leather armour    |       |    26 |    32 ||    58
  Dodge: Dodged            |    48 |    44 |    49 ||   141
         Repelled          |     2 |       |       ||     2
  Block: Buckler           |    27 |    29 |    31 ||    87

Table legend: (Time is in decaauts)
 A = Elapsed time spent in this place.
 B = Non-inter-level travel time spent in this place.
 C = Inter-level travel time spent in this place.
 D = Time resting spent in this place.
 E = Time spent auto-exploring this place.
 F = Levels seen in this place.
 G = Mean time per level.
                   A        B        C        D        E       F      G
               +--------+--------+--------+--------+--------+-----+--------+
         Total |   4521 |   4425 |     96 |    852 |   2115 |   5 |  904.2 |
       Dungeon |   4521 |   4425 |     96 |    852 |   2115 |   5 |  904.2 |
               +--------+--------+--------+--------+--------+-----+--------+

Top non-repeatable levels by time:
     D:4: 1440 daAuts
     D:3: 1160 daAuts
     D:2: 663 daAuts
     D:5: 655 daAuts
     D:1: 602 daAuts
